 Dungeon Crawl Stone Soup version 0.24-a0-92-g7d8ec57 (webtiles) character file.

Game seed: 10760938991402896792

131119 Ijustatesigmund the Severer (level 17, -11/161 HPs)
             Began as a Hill Orc Fighter on Feb 7, 2019.
             Was a High Priest of the Shining One.
             Mangled by an orc knight
             ... wielding the +11 great sword of Untruth {holy, Str+3}
              (15 damage)
             ... on level 14 of the Dungeon on Feb 9, 2019.
             The game lasted 01:12:18 (31088 turns).

Ijustatesigmund the Severer (Hill Orc Fighter)     Turns: 31088, Time: 01:12:19

Health: -11/161    AC: 22    Str: 26    XL:     17   Next: 9%
Magic:  29/29      EV: 13    Int:  8    God:    the Shining One [*****.]
Gold:   2013       SH: 14    Dex: 15    Spells: 16/16 levels left

rFire    . . .     SeeInvis .   P - +1 broad axe (elec)
rCold    + . .     Gourm    .   c - +1 shield
rNeg     + + .     Faith    .   b - +0 chain mail {rPois}
rPois    +         Spirit   .   w - +2 hat
rElec    .         Reflect  .   y - scarf {repulsion}
rCorr    +         Harm     .   X - +2 pair of gloves {Str+3}
MR       +....                  r - +1 pair of boots {run}
Stlth    ..........             V - amulet of the acrobat
HPRegen  0.36/turn              R - ring of protection from cold
MPRegen  0.21/turn              O - ring of resist corrosion

@: glowing, repel missiles, quick
A: antennae 1, slimy green scales 1, sense surroundings 1, strong 1
a: Divine Shield, Cleansing Flame, Summon Divine Warrior, Renounce Religion


You were on level 14 of the Dungeon.
You worshipped the Shining One.
The Shining One was extremely pleased with you.
You were not hungry.

You visited 5 branches of the dungeon, and saw 28 of its levels.
You also visited: Bailey.

You collected 3015 gold pieces.
You spent 1002 gold pieces at shops.

Inventory:

Hand Weapons
 x - a +2 war axe of flaming
 P - a +1 broad axe of electrocution (weapon)
Missiles
 N - 6 javelins (quivered)
Armour
 b - a +0 chain mail of poison resistance (worn)
 c - a +1 shield (worn)
 i - a +0 helmet
 k - a scarf of resistance
 r - a +1 pair of boots of running (worn)
 v - a +0 troll leather armour
 w - a +2 hat (worn)
 y - a scarf of repulsion (worn)
 C - the +1 robe of Day {rC+ rN+ rCorr Int-2}
   (You found it on level 7 of the Dungeon)

   It affects your intelligence (-2).
   It protects you from cold.
   It protects you from negative energy.
   It provides partial protection from all sources of acid and corrosion.
 S - the +1 ring mail of the Past {rC+}
   (You found it on level 2 of the Lair of Beasts)

   It protects you from cold.
 X - a +2 pair of gloves of strength (worn)
Jewellery
 a - an uncursed ring of positive energy {unknown}
 g - an uncursed ring of see invisible
 p - an uncursed ring of protection from cold
 O - a ring of resist corrosion (right hand)
 R - a ring of protection from cold (left hand)
 U - an uncursed ring of protection from cold
 V - an amulet of the acrobat (around neck)
Wands
 l - a wand of scattershot (2)
 m - a wand of iceblast (15)
 o - a wand of polymorph (15)
 s - a wand of flame (38)
 A - a wand of disintegration (37)
 G - a wand of digging (2)
 W - a wand of paralysis (10)
Scrolls
 e - 3 scrolls of teleportation
 h - 7 scrolls of remove curse
 n - 3 scrolls of magic mapping
 t - 3 scrolls of fog
 H - 6 scrolls of identify
 I - 2 scrolls of amnesia
 Q - a scroll of holy word
 Y - 2 scrolls of enchant armour
 Z - a scroll of brand weapon
Potions
 d - 2 potions of might
 j - 9 potions of curing
 q - 2 potions of resistance
 u - a potion of haste
 z - 3 potions of flight
 B - 4 potions of mutation
 E - a potion of agility
 F - 3 potions of brilliance
 J - 5 potions of lignification
 K - 2 potions of magic
 M - a potion of cancellation
 T - a potion of ambrosia
Miscellaneous
 L - a lightning rod (4/4)
Comestibles
 f - 34 rations


   Skills:
 + Level 17.1 Fighting
 + Level 18.6 Axes
 - Level 11.0 Armour
 - Level 8.3 Dodging
 - Level 11.0 Shields
 + Level 16.9 Invocations
 - Level 4.2 Evocations


You had 16 spell levels left.
You didn't know any spells.
Your spell library contained the following spells:

 Spells                   Type           Power        Failure   Level  Hunger
 Animate Skeleton         Necr           N/A          97%         1    ##.....
 Beastly Appendage        Tmut           #.....       97%         1    ##.....
 Corona                   Hex            #......      97%         1    ##.....
 Magic Dart               Conj           #...         97%         1    ##.....
 Pain                     Necr           #...         97%         1    ##.....
 Blink                    Tloc           N/A          99%         2    ###....
 Call Imp                 Summ           #.......     99%         2    ###....
 Searing Ray              Conj           #.....       99%         2    ###....
 Slow                     Hex            #.......     99%         2    ###....
 Sticks to Snakes         Tmut           #.......     99%         2    ###....
 Conjure Flame            Conj/Fire      #.......     100%        3    ####...
 Dazzling Spray           Conj/Hex       #.....       100%        3    ####...
 Inner Flame              Hex/Fire       #.......     100%        3    ####...
 Mephitic Cloud           Conj/Pois/Air  #.......     100%        3    ####...
 Portal Projectile        Hex/Tloc       #.....       100%        3    ####...
 Regeneration             Chrm/Necr      #.........   100%        3    ####...
 Spider Form              Tmut/Pois      #.........   100%        3    ####...
 Vampiric Draining        Necr           #.........   100%        3    ####...
 Animate Dead             Necr           N/A          100%        4    #####..
 Cause Fear               Hex            #.........   100%        4    #####..
 Force Lance              Conj/Tloc      #.......     100%        4    #####..
 Fulminant Prism          Conj/Hex       #.........   100%        4    #####..
 Ice Form                 Ice/Tmut       #.......     100%        4    #####..
 Iskenderun's Mystic Bla  Conj           #.......     100%        4    #####..
 Leda's Liquefaction      Hex/Erth       #.........   100%        4    #####..
 Blade Hands              Tmut           #.........   100%        5    ######.


Dungeon Overview and Level Annotations

Branches:
Dungeon (15/15)            Temple (1/1) D:6            Lair (6/6) D:11
  Swamp (0/4) Lair:2       Spider (4/4) Lair:4        Slime (0/5) Lair:5
    Orc (2/2) D:12            Elf (0/3) Orc:2        Vaults (0/5) D:13
 Depths (0/5) D:15

Altars:
Ashenzari
Dithmenos
Elyvilon
Fedhas
Kikubaaqudgha
Nemelex Xobeh
Qazlal
Sif Muna
Trog
Vehumet
Wu Jian
Zin
The Shining One
Beogh

Shops:
D:7 !   D:11 =   Orc:2 (%[}

Annotations:
D:14 1 transporter, Tahucot's ghost, journeyman HaEn


Innate Abilities, Weirdness & Mutations

You have a pair of small antennae on your head.
You are partially covered in slimy green scales. (AC +2)
You passively map a small area around you.
Your muscles are strong. (Str +2)


Message History

The tengu warrior hits you with a +2 war axe of chopping!
The tengu warrior pecks you but does no damage.
The tengu warrior claws you but does no damage.
The orc knight hits you with the +11 great sword of Untruth {holy, Str+3}!!!
* * * LOW HITPOINT WARNING * * *
You block the moth of wrath's attack.
Tahucot's ghost hits you but does no damage.
The orc warlord barely misses you.
You slice the moth of wrath!!
Lightning courses through the moth of wrath!
You kill the moth of wrath!
You hit the orc knight.
Lightning courses through the orc knight!!
You slash the orc warlord! You hit the tengu warrior.
You barely miss Tahucot's ghost.
The tengu warrior hits you with a +2 war axe of chopping!
* * * LOW HITPOINT WARNING * * *
x2 The tengu warrior barely misses you.
The tengu warrior closely misses you.
The orc knight hits you with the +11 great sword of Untruth {holy, Str+3}!
You die...

#>......##..###.©.###..#
#..... ######'###.##.....#
##.## #..... #.##..##.....#
#..# ###### #.##.##.###.#≈
###.# ###....
##.##.#.##≈."=###.#.# #......
##..##.#..##._$....#.# #......
#..###.#.....§§#...#.###......
#.## #.##...W§§##.##.#.'......
##.# #..#...Q@##..#..#.#......
#..# ##.##..oo#.###..#.#......
#.## #..###.O.###.....######'
##.# ##...#####.....### ##.
#..# ###...©...##### #.. #.##
###.....## ##.# #.# ##.....#
#..# ##'####### #####'## ##.##
.........# #..(..# #....


You could see an orc warlord (berserk), an orc knight (berserk), a tengu warrior
(berserk), a two-headed ogre (berserk) and Tahucot's ghost.

Vanquished Creatures
  Arachne (Spider:3)
  Asterion (Spider:1)
  Gastronok (D:11)
  Roxanne (Spider:1)
  2 ghost moths (Spider:1)
  An orc warlord (Orc:1)
  An emperor scorpion (Spider:3)
  3 entropy weavers
  The ghost of Zog the Basher, a journeyman OgBe of Trog (D:13)
  2 spark wasps (Spider:3)
  A fire dragon (Lair:6)
  A catoblepas (D:13)
  6 hydras
  4 centaur warriors
  24 two-headed ogres
  A tengu warrior (D:13)
  4 ogre magi
  An orc high priest (Orc:2)
  Urug (Lair:1)
  Sonja (D:12)
  3 unseen horrors
  Pikel (D:9)
  A wizard (D:13)
  A swamp dragon (Lair:6)
  2 orc knights (Orc:1)
  A harpy (D:13)
  A deep elf mage (D:14)
  8 orb spiders
  16 wolf spiders
  2 cyclopes
  A manticore (D:11)
  3 orc sorcerers
  15 slime creatures
  4 moths of wrath
  5 elephants (Lair:5)
  10 ugly things (D:14)
  4 black mambas
  3 torpor snails
  An efreet (D:12)
  8 spiny frogs
  6 rime drakes
  12 komodo dragons
  3 demonic crawlers
  2 polar bears
  8 trolls
  Prince Ribbit (D:5)
  8 blink frogs
  2 hornets
  26 jumping spiders
  10 dream sheep
  8 hippogriffs
  26 redbacks
  A shadow (D:12)
  13 tarantellas
  53 yaks
  2 wraiths
  2 wyverns
  4 basilisks
  A hungry ghost (D:10)
  Menkaure (D:5)
  3 vampire mosquitoes (D:13)
  6 wargs
  3 acid dragons
  12 water moccasins
  10 porcupines
  3 soldier ants
  A hornet zombie (D:9)
  40 orc warriors
  3 ice beasts
  3 swamp drakes (Lair:6)
  2 sky beasts
  2 necrophages (D:12)
  23 ogres
  A black bear (D:9)
  9 centaurs
  13 crocodiles
  3 big kobolds
  18 bullfrogs
  A wyvern zombie (D:12)
  11 killer bees
  4 scorpions
  3 wights (D:12)
  3 electric eels
  2 howler monkeys
  7 crimson imps
  3 bullfrog zombies
  A centaur zombie (D:8)
  3 quasits
  3 jellies
  4 bullfrog skeletons
  7 hounds
  15 orc priests
  30 orc wizards
  A centaur skeleton (D:10)
  7 worker ants
  4 hell rats (Lair:2)
  3 iguanas
  Ijyb (D:3)
  A hound zombie (D:5)
  A hound skeleton (D:10)
  A worker ant zombie (D:11)
  3 gnolls (D:9)
  10 adders
  2 shadow imps
  3 oozes
  2 adder skeletons
  2 worms
  3 dart slugs
  4 leopard geckos
  89 orcs
  3 giant cockroaches
  7 goblins
  6 hobgoblins
  6 jackals
  2 quokkas
  2 ball pythons
  9 bats
  5 frilled lizards
  26 kobolds
  A leopard gecko zombie (D:8)
  A quokka zombie (D:6)
  13 rats
  8 fungi
  4 plants
819 creatures vanquished.

Vanquished Creatures (collateral kills)
  Jorgrun (Spider:1)
  An emperor scorpion (Spider:1)
  An orb spider (Spider:1)
  A demonic crawler (Spider:1)
  A redback (Spider:1)
5 creatures vanquished.

Vanquished Creatures (others)
  A komodo dragon (Lair:6)
  A swamp drake (Lair:6)
  An iguana (Lair:6)
  3 fungi
  2 plants (Lair:6)
8 creatures vanquished.

Grand Total: 832 creatures vanquished

Notes
Turn   | Place    | Note
-------+----------+-------------------------------------------
     0 | D:1      | Ijustatesigmund the Hill Orc Fighter began the quest for
                  | the Orb.
     0 | D:1      | Reached XP level 1. HP: 19/19 MP: 1/1
    36 | D:1      | Reached skill level 3 in Axes
    71 | D:1      | Reached XP level 2. HP: 22/27 MP: 2/2
   718 | D:1      | Reached skill level 4 in Axes
   721 | D:1      | Reached XP level 3. HP: 33/33 MP: 3/3
  1277 | D:2      | Found a shattered altar of Ashenzari.
  1534 | D:2      | Found a shadowy altar of Dithmenos.
  1566 | D:2      | Reached XP level 4. HP: 34/41 MP: 4/4
  1721 | D:3      | Reached skill level 5 in Axes
  1822 | D:3      | Noticed Ijyb
  1823 | D:3      | Killed Ijyb
  2075 | D:3      | Reached XP level 5. HP: 47/47 MP: 5/5
  2088 | D:3      | Gained mutation: You passively map a small area around you.
                  | [potion of mutation]
  2088 | D:3      | Gained mutation: You have a pair of small horns on your
                  | head. [potion of mutation]
  2088 | D:3      | Gained mutation: You are resistant to hostile enchantments.
                  | (MR+) [potion of mutation]
  2392 | D:3      | Found an ancient bone altar of Kikubaaqudgha.
  2392 | D:3      | Found a deep blue altar of Sif Muna.
  2602 | D:4      | Reached skill level 5 in Fighting
  2602 | D:4      | Reached skill level 6 in Axes
  2752 | D:4      | Reached XP level 6. HP: 31/56 MP: 6/6
  3106 | D:4      | Gained mutation: Your muscles are strong. (Str +2) [potion
                  | of mutation]
  3106 | D:4      | Gained mutation: You are occasionally teleported next to
                  | monsters. [potion of mutation]
  3106 | D:4      | Gained mutation: You are partially covered in slimy green
                  | scales. (AC +2) [potion of mutation]
  3106 | D:4      | Gained mutation: You have large cloven feet. [potion of
                  | mutation]
  3212 | D:4      | Found a white marble altar of Elyvilon.
  3255 | D:4      | Noticed an ice beast
  3263 | D:4      | Killed an ice beast
  3369 | D:4      | Reached skill level 7 in Axes
  3369 | D:4      | Reached XP level 7. HP: 34/62 MP: 7/7
  3821 | D:5      | Entered Level 5 of the Dungeon
  3898 | D:5      | Noticed Prince Ribbit
  3950 | D:5      | Killed Prince Ribbit
  4145 | D:5      | Found an ornate altar of the Wu Jian Council.
  4241 | D:5      | Reached skill level 5 in Armour
  4241 | D:5      | Reached skill level 5 in Shields
  4241 | D:5      | Reached XP level 8. HP: 66/71 MP: 8/8
  4358 | D:5      | Noticed Menkaure
  4368 | D:5      | Killed Menkaure
  4369 | D:5      | Reached skill level 8 in Axes
  5455 | D:6      | Found a staircase to the Ecumenical Temple.
  5467 | Temple   | Entered the Ecumenical Temple
  5489 | Temple   | Became a worshipper of the Shining One
  6086 | D:6      | Reached skill level 9 in Axes
  6086 | D:6      | Reached XP level 9. HP: 75/80 MP: 9/9
  6293 | D:7      | Got a transparent robe
  6372 | D:7      | Reached skill level 1 in Invocations
  6445 | D:7      | Reached * piety under the Shining One
  6497 | D:7      | Found Lupeqis's Distillery.
  6503 | D:7      | Bought a potion of agility for 48 gold pieces
  6503 | D:7      | Bought a potion of haste for 120 gold pieces
  6503 | D:7      | Bought a potion of curing for 36 gold pieces
  6907 | D:8      | Reached skill level 10 in Axes
  7051 | D:8      | Found a sparkling altar of Nemelex Xobeh.
  7102 | D:8      | Reached XP level 10. HP: 91/91 MP: 11/13
  7109 | D:8      | Noticed a two-headed ogre
  7118 | D:8      | Killed a two-headed ogre
  7118 | D:8      | Reached skill level 1 in Dodging
  7118 | D:8      | Reached skill level 5 in Invocations
  7352 | D:8      | Found a blossoming altar of Fedhas.
  7358 | D:8      | Found a glowing silver altar of Zin.
  7363 | D:8      | Found a stormy altar of Qazlal.
  7655 | D:9      | Found a radiant altar of Vehumet.
  7705 | D:9      | Reached ** piety under the Shining One
  7933 | D:9      | Noticed Pikel
  7941 | D:9      | Killed Pikel
  7941 | D:9      | Reached skill level 11 in Axes
  8034 | D:9      | Reached skill level 10 in Fighting
  8247 | D:10     | Entered Level 10 of the Dungeon
  8672 | D:10     | Reached XP level 11. HP: 91/101 MP: 16/16
  8947 | D:10     | You fall through a shaft!
  8954 | D:11     | Noticed a manticore
  8960 | D:11     | Killed a manticore
  9233 | D:11     | Found a staircase to the Lair.
  9243 | D:11     | Found Zumuniupn's Jewellery Boutique.
  9346 | D:11     | Noticed a cyclops
  9355 | D:11     | Killed a cyclops
  9355 | D:11     | Reached skill level 12 in Axes
  9388 | D:11     | Noticed an unseen horror
  9390 | D:11     | Killed an unseen horror
  9415 | D:11     | Noticed Gastronok
  9429 | D:11     | Killed Gastronok
 10146 | D:12     | Found a stormy altar of Qazlal.
 10169 | D:12     | Found a flagged portal.
 10180 | D:12     | Reached skill level 5 in Dodging
 10202 | Bailey   | Entered a bailey
 10220 | Bailey   | Found the +7 mace of Variability {chain chaos}
 10516 | D:12     | Noticed an unseen horror
 10524 | D:12     | Killed an unseen horror
 10524 | D:12     | Reached XP level 12. HP: 105/111 MP: 19/19
 10535 | D:12     | Reached *** piety under the Shining One
 10590 | D:12     | Noticed Sonja
 10594 | D:12     | Killed Sonja
 10594 | D:12     | Reached skill level 13 in Axes
 10600 | D:12     | Found a staircase to the Orcish Mines.
 10623 | D:12     | Reached skill level 10 in Invocations
 10626 | D:12     | Found a roughly hewn altar of Beogh.
 10769 | D:12     | Noticed a two-headed ogre
 10779 | D:12     | Killed a two-headed ogre
 10820 | D:12     | Noticed a two-headed ogre
 10830 | D:12     | Killed a two-headed ogre
 11141 | D:12     | Identified the +1 robe of Day {rC+ rN+ rCorr Int-2} (You
                  | found it on level 7 of the Dungeon)
 11734 | D:13     | Noticed a centaur warrior
 11746 | D:13     | Killed a centaur warrior
 11922 | D:13     | Found a transporter.
 11931 | D:13     | Noticed Zog's ghost (journeyman OgBe)
 11934 | D:13     | Found a transporter.
 11947 | D:12     | Reached skill level 14 in Axes
 11952 | D:12     | You fall through a shaft for 3 floors!
 11952 | D:15     | Entered Level 15 of the Dungeon
 11984 | D:15     | Noticed a centaur warrior
 11985 | D:15     | Noticed a centaur warrior
 11991 | D:15     | Killed a centaur warrior
 11991 | D:15     | Reached **** piety under the Shining One
 11993 | D:15     | Killed a centaur warrior
 12040 | D:14     | Found a transporter.
 12447 | D:14     | Identified the +11 great sword of Untruth {holy, Str+3}
 12447 | D:14     | Noticed Tahucot's ghost (journeyman HaEn)
 12448 | D:14     | Found a bloodstained altar of Trog.
 12448 | D:14     | Identified the +3 great mace of the Thirsty Allies {speed,
                  | Str+4}
 12448 | D:14     | Noticed an orc warlord
 12449 | D:14     | Noticed a tengu warrior
 12449 | D:14     | Noticed a two-headed ogre
 12450 | D:14     | Noticed a two-headed ogre
 12451 | D:14     | Noticed a two-headed ogre
 12492 | D:13     | Noticed a two-headed ogre
 12492 | D:13     | Noticed a five-headed hydra
 12677 | D:12     | Upgraded the game from 0.24-a0-84-g25a2d9f to
                  | 0.24-a0-91-g4e4936a
 12713 | D:12     | Killed a two-headed ogre
 12893 | D:13     | Killed a one-headed hydra
 12893 | D:13     | Reached XP level 13. HP: 106/122 MP: 20/22
 13240 | D:13     | Reached skill level 15 in Axes
 13692 | D:13     | Found a gate to the Vaults.
 13877 | D:13     | Killed Zog's ghost
 14141 | Lair:1   | Entered Level 1 of the Lair of Beasts
 14160 | Lair:1   | Noticed Urug
 14174 | Lair:1   | Killed Urug
 14929 | Lair:2   | Got a transparent ring mail
 14940 | Lair:2   | Identified the +1 ring mail of the Past {rC+} (You found it
                  | on level 2 of the Lair of Beasts)
 15303 | Lair:2   | Reached ***** piety under the Shining One
 15345 | Lair:2   | Found a staircase to the Swamp.
 15353 | Lair:2   | Reached XP level 14. HP: 124/130 MP: 23/23
 17069 | Lair:4   | Found a hole to the Spider Nest.
 17274 | Lair:4   | Reached skill level 10 in Armour
 17274 | Lair:4   | Reached skill level 10 in Shields
 17363 | Lair:4   | Got an iridescent long sword
 17364 | Lair:4   | Identified the +5 long sword "Killer Bee's Curse" {flame,
                  | Int+2} (You found it on level 4 of the Lair of Beasts)
 18140 | Lair:5   | Lost mutation: You have a pair of small horns on your head.
                  | [potion of mutation]
 18140 | Lair:5   | Lost mutation: You have large cloven feet. [potion of
                  | mutation]
 18140 | Lair:5   | Lost mutation: You are occasionally teleported next to
                  | monsters. [potion of mutation]
 18140 | Lair:5   | Lost mutation: You are resistant to hostile enchantments.
                  | (MR+) [potion of mutation]
 18140 | Lair:5   | Gained mutation: You have a pair of small antennae on your
                  | head. [potion of mutation]
 18700 | Lair:5   | Found a staircase to the Slime Pits.
 19079 | Lair:6   | Entered Level 6 of the Lair of Beasts
 19553 | Lair:6   | Identified a scroll of acquirement
 20986 | Orc:1    | Entered Level 1 of the Orcish Mines
 20993 | Orc:1    | Reached XP level 15. HP: 131/138 MP: 24/24
 21711 | Orc:2    | Entered Level 2 of the Orcish Mines
 21711 | Orc:2    | Found Nyonatux's Armour Boutique.
 21711 | Orc:2    | Found Egrausk's Antique Weapon Shoppe.
 21725 | Orc:2    | Reached skill level 1 in Evocations
 21731 | Orc:2    | Noticed an orc warlord
 21733 | Orc:1    | Reached skill level 16 in Axes
 22621 | Orc:1    | Reached skill level 15 in Fighting
 22860 | Orc:1    | Killed an orc warlord
 23246 | Orc:2    | Found a staircase to the Elven Halls.
 23267 | Orc:2    | Found Jila's Gadget Emporium.
 23267 | Orc:2    | Found Botoh's Food Boutique.
 23606 | Orc:2    | Bought a +1 pair of boots of running for 620 gold pieces
 23612 | Orc:2    | Bought a fine war axe for 178 gold pieces
 23612 | Orc:2    | Identified the cursed +1 war axe "Sanuosit" {chop, rC+
                  | Dex+2} (You bought it in a shop on level 2 of the Orcish
                  | Mines)
 23951 | Spider:1 | Entered Level 1 of the Spider Nest
 23997 | Spider:1 | Noticed Jorgrun
 24008 | Spider:1 | Killed Jorgrun
 24040 | Spider:1 | Noticed a ghost moth
 24047 | Spider:1 | Killed a ghost moth
 24103 | Spider:1 | Noticed an emperor scorpion
 24113 | Spider:1 | Killed an emperor scorpion
 24511 | Spider:1 | Reached skill level 17 in Axes
 24511 | Spider:1 | Reached XP level 16. HP: 145/149 MP: 27/27
 24512 | Spider:1 | Reached skill level 15 in Invocations
 24532 | Spider:1 | Noticed Asterion
 24554 | Spider:1 | Killed Asterion
 24876 | Spider:1 | Upgraded the game from 0.24-a0-91-g4e4936a to
                  | 0.24-a0-92-g7d8ec57
 25073 | Spider:1 | Noticed Roxanne
 25107 | Spider:1 | Killed Roxanne
 25679 | Spider:2 | You fall through a shaft!
 25856 | Spider:3 | Noticed Arachne
 25891 | Spider:3 | Killed Arachne
 27376 | Spider:2 | Reached skill level 18 in Axes
 28710 | Spider:4 | Entered Level 4 of the Spider Nest
 30294 | D:14     | Reached XP level 17. HP: 132/161 MP: 29/29
 30423 | D:14     | Found a transporter.
 31088 | D:14     | HP: 8/161 [tengu warrior/+2 war axe of chopping (15)]
 31088 | D:14     | Mangled by an orc knight

Levels and vault maps discovered:
D:1:      minmay_arrival_four_houses, layout_basic
D:2:      layout_loops_cross, marbit_many_paths, lemuel_doored_altar
D:3:      layout_basic, gammafunk_temple_overflow_pools, first_ration,
          st_stairs_12, serial_park_tiny_pond, grunt_ministairs_1, uniq_ijyb
D:4:      layout_cave_pools, nicolae_overflow_hidden_temple, serial_bayou,
          serial_bayou_pond_e, serial_bayou_pond_d, serial_bayou_pond_a,
          serial_bayou_pond_b, serial_bayou_crossing, serial_bayou_lake_a
D:5:      layout_gridville, kennysheep_mini, lemuel_flame_loot_1,
          uniq_prince_ribbit1, uniq_menkaure
D:6:      layout_gridville, minmay_temple_entry_proselytizer,
          minmay_splitting_lines
D:7:      layout_loops_cross, serial_shops, shop
D:8:      layout_cave_pools, minmay_overflow_temple_star_quad,
          lemuel_crystal_altar, grunt_decor_arrowhead
D:9:      layout_irregular_city, kennysheep_little_box, kennysheep_small_spiral,
          uniq_pikel
D:10:     layout_stronghold, serial_column_ruins, column_ruins_hut,
          column_ruins_open_tiny, column_ruins_open_tiny_water,
          column_ruins_open_large, column_ruins_corridor_straight,
          column_ruins_open_small, column_ruins_open_tiny,
          column_ruins_open_small, grunt_pizzeria
D:11:     layout_layer_cave, lair_entry_dummy, serial_shops, shop,
          chequers_serial_rivers_room_b, evilmike_butchery, uniq_gastronok
D:12:     layout_irregular_city, minmay_orc_entry_temple_small, enter_bailey_2,
          basic_altar, uniq_sonja
D:13:     layout_rooms, david_vaults_1, gammafunk_ghost_berserking_beasts,
          nicolae_straight_to_the_point
D:14:     layout_roguey, gammafunk_ghost_wrathful_warriors
D:15:     grunt_enter_depths_hoard, layout_basic, minmay_misc_feat_diagonals
Temple:   grunt_temple_mini_profane
Lair:1:   layout_roguey, uniq_urug
Lair:2:   layout_cave_pods, minmay_swamp_entry_eels, lemuel_fruit_tree
Lair:3:   layout_cave_shapes, serial_bayou_shore_b
Lair:4:   layout_small_grid, spider_nest_entry_a, beast_lair_carwin_8,
          grunt_megastairs_2
Lair:5:   layout_cave_pods, dpeg_slime_entry_corner
Lair:6:   guppyfry_lair_end_dragon, layout_hall_layers, serial_bayou_ford_a
Spider:1: layout_chambers, uniq_asterion, uniq_jorgrun, uniq_roxanne
Spider:2: layout_spider_delve
Spider:3: layout_chambers, nicolae_spider_circle_web,
          nicolae_spider_cling_halls, uniq_arachne
Spider:4: spider_rune_water, nicolae_crawler_farm
Orc:1:    layout_diamond_mine, nicolae_orc_damp_corner
Orc:2:    st_orc_ogre_mass, layout_caves
Bailey:   bailey_polearm_4, bailey

Skill      XL: |  1  2  3  4  5  6  7  8  9 10 11 12 13 14 15 16 |
---------------+-------------------------------------------------+-----
Axes           | 3 4 5 6 7 9 10 11 12 14 15 17 18 | 18.6
Fighting       | 4 5 6 7 9 10 11 13 14 15 17 | 17.1
Armour         | 4 5 6 7 9 11 | 11.0
Shields        | 4 5 6 7 9 11 | 11.0
Invocations    | 4 7 9 12 13 14 16 | 16.9
Dodging        | 3 5 6 8 |  8.3
Evocations     | 4 |  4.2

Action                   |  1- 3 |  4- 6 |  7- 9 | 10-12 | 13-15 | 16-18 || total
-------------------------+-------+-------+-------+-------+-------+-------++-------
Melee: War axe           |   137 |   112 |   197 |   349 |   827 |   284 ||  1906
       Headbutt          |       |    12 |    26 |    78 |    88 |       ||   204
       Kick              |       |     3 |       |       |       |       ||     3
       Broad axe         |       |       |       |       |       |   146 ||   146
Invok: Divine Shield     |       |       |       |     4 |     8 |     6 ||    18
       Cleansing Flame   |       |       |       |       |     1 |     1 ||     2
       Summon Divine War |       |       |       |       |     1 |       ||     1
Evoke: Wand              |     1 |     7 |     2 |    12 |    28 |    15 ||    65
  Use: Scroll            |     1 |     4 |     8 |    21 |    12 |     5 ||    51
       Potion            |       |     3 |     2 |       |     3 |    10 ||    18
 Stab: Invisible         |       |       |     2 |       |       |       ||     2
  Eat: Chunk             |     2 |     5 |     4 |    18 |    19 |     4 ||    52
       Ration            |       |       |     3 |     1 |     5 |     5 ||    14
Armor: Scale mail        |    74 |    46 |    54 |       |       |       ||   174
       Chain mail        |       |       |    37 |   137 |   315 |   149 ||   638
Dodge: Dodged            |    46 |    25 |    42 |    78 |   282 |   183 ||   656
       Deflected         |       |       |     2 |    17 |     5 |     5 ||    29
Block: Shield            |    80 |    52 |   115 |   246 |   600 |   351 ||  1444

Table legend:
 A = Non-vault XP
 B = Vault XP
 C = Vault XP percentage of total XP
 D = Non-vault monster count
 E = Vault monster count
 F = Vault count percentage of total count
                 A         B        C        D         E       F
            +---------+---------+-------+---------+---------+-------
      Total |  135045 |   52269 |  27.9 |     690 |     124 |  15.2
            +---------+---------+-------+---------+---------+-------
        D:1 |      40 |       0 |   0.0 |      28 |       0 |   0.0
        D:2 |      48 |       2 |   4.0 |      19 |       1 |   5.0
        D:3 |      66 |      43 |  39.4 |      15 |       4 |  21.1
        D:4 |     469 |       0 |   0.0 |      16 |       0 |   0.0
        D:5 |     420 |     463 |  52.4 |      18 |       2 |  10.0
        D:6 |     909 |      41 |   4.3 |      20 |       1 |   4.8
        D:7 |    1495 |       0 |   0.0 |      33 |       0 |   0.0
        D:8 |    1898 |       0 |   0.0 |      17 |       0 |   0.0
        D:9 |    1484 |     685 |  31.6 |      19 |       1 |   5.0
       D:10 |    1557 |     133 |   7.9 |      13 |       1 |   7.1
       D:11 |    3276 |    2203 |  40.2 |      22 |       1 |   4.3
       D:12 |    8180 |    1382 |  14.5 |      42 |      13 |  23.6
       D:13 |    9868 |    6911 |  41.2 |      45 |      13 |  22.4
       D:14 |   10487 |    2305 |  18.0 |      32 |       3 |   8.6
       D:15 |    2346 |       0 |   0.0 |       6 |       0 |   0.0
     Lair:1 |    3147 |     811 |  20.5 |      15 |       1 |   6.2
     Lair:2 |    5622 |      55 |   1.0 |      29 |       1 |   3.3
     Lair:3 |    3204 |       0 |   0.0 |      11 |       0 |   0.0
     Lair:4 |    3390 |    2709 |  44.4 |      15 |      12 |  44.4
     Lair:5 |    8237 |       0 |   0.0 |      31 |       0 |   0.0
     Lair:6 |    9711 |    4090 |  29.6 |      29 |      15 |  34.1
   Spider:1 |   18831 |    7077 |  27.3 |      41 |       3 |   6.8
   Spider:2 |    8116 |       0 |   0.0 |      22 |       0 |   0.0
   Spider:3 |   15907 |    3185 |  16.7 |      32 |       1 |   3.0
   Spider:4 |    3398 |       0 |   0.0 |      12 |       0 |   0.0
      Orc:1 |   10254 |   13274 |  56.4 |      78 |      27 |  25.7
      Orc:2 |    2685 |    5824 |  68.4 |      30 |      10 |  25.0
     Bailey |       0 |    1076 | 100.0 |       0 |      14 | 100.0
            +---------+---------+-------+---------+---------+-------
